TOP OF THE 1ST |
Chattanooga Chinpokomon batting - Pitching for Birmingham Barons : LHP Marcos Bautista
|
Pitching: LHP Marcos Bautista
|
|
Batting: RHB Manuel Ortega
|
0-0: Ball 1-0: Ball 2-0: Fly out, F8 (Flyball, 8LM)
|
Batting: RHB Cristo García
|
0-0: Swinging Strike 0-1: Ball 1-1: Ground out 5-3 (Groundball, 5L)
|
Batting: LHB George Wood
|
0-0: Called Strike 0-1: Foul Ball, location: 2F 0-2: Ball 1-2: Strikes out swinging
|
Top of the 1st over - 0 run(s), 0 hit(s), 0 error(s), 0 left on base; Chattanooga 0 - Birmingham 0 |
BOTTOM OF THE 1ST |
Birmingham Barons batting - Pitching for Chattanooga Chinpokomon : RHP Mike Horton
|
Pitching: RHP Mike Horton
|
|
Batting: LHB Alberto Santos
|
0-0: Ball 1-0: Ball 2-0: Bunt for hit - play at first, batter OUT! 1-3
|
Batting: RHB Yujiro Kurihara
|
0-0: Foul Ball, location: 2F 0-1: Foul Ball, location: 2F 0-2: Ball 1-2: SINGLE (Groundball, 6D)
|
Batting: LHB José Rivera
|
0-0: Called Strike 0-1: Ball 1-1: Called Strike 1-2: Foul Ball, location: 2F 1-2: Strikes out swinging
|
Batting: RHB Eric Johnson
|
0-0: Called Strike 0-1: Called Strike 0-2: Ball Wild Pitch! Yujiro Kurihara to second 1-2: Strikes out swinging
|
Bottom of the 1st over - 0 run(s), 1 hit(s), 0 error(s), 1 left on base; Chattanooga 0 - Birmingham 0 |
TOP OF THE 2ND |
Chattanooga Chinpokomon batting - Pitching for Birmingham Barons : LHP Marcos Bautista
|
Batting: RHB Ramiro Chávez
|
0-0: Ball 1-0: Swinging Strike 1-1: Ground out 5-3 (Groundball, 5)
|
Batting: RHB Felipe Rego
|
0-0: Swinging Strike 0-1: Fly out, F5 (Popup, 5)
|
Batting: RHB Armando Cuevas
|
0-0: Ball 1-0: Foul Ball, location: 2F 1-1: Swinging Strike 1-2: Ball 2-2: Foul Ball, location: 2F 2-2: Strikes out swinging
|
Top of the 2nd over - 0 run(s), 0 hit(s), 0 error(s), 0 left on base; Chattanooga 0 - Birmingham 0 |
BOTTOM OF THE 2ND |
Birmingham Barons batting - Pitching for Chattanooga Chinpokomon : RHP Mike Horton
|
Batting: RHB Carlos García
|
0-0: Called Strike 0-1: DOUBLE (Groundball, 5L)
|
Batting: SHB Orlando Aguilar
|
0-0: Ground out 3-1 (Groundball, 34) Carlos García to third
|
Batting: RHB Bryant von Bohlen
|
0-0: Called Strike 0-1: Swinging Strike 0-2: Ball 1-2: Strikes out swinging
|
Batting: LHB John Haney
|
0-0: Called Strike 0-1: Ball 1-1: Fly out, F7 (Flyball, 7LSF)
|
Bottom of the 2nd over - 0 run(s), 1 hit(s), 0 error(s), 1 left on base; Chattanooga 0 - Birmingham 0 |
TOP OF THE 3RD |
Chattanooga Chinpokomon batting - Pitching for Birmingham Barons : LHP Marcos Bautista
|
Batting: RHB Luis Antonio Velásquez
|
0-0: Swinging Strike 0-1: Foul Ball, location: 2F 0-2: Strikes out looking
|
Batting: RHB José Martínez
|
0-0: Ball 1-0: Ball 2-0: Swinging Strike 2-1: Foul Ball, location: 2F 2-2: Foul Ball, location: 2F 2-2: Ball 3-2: Foul Ball, location: 2F 3-2: Strikes out swinging
|
Batting: LHB Martin Davis
|
0-0: Called Strike 0-1: Fly out, F4 (Popup, 34D)
|
Top of the 3rd over - 0 run(s), 0 hit(s), 0 error(s), 0 left on base; Chattanooga 0 - Birmingham 0 |
BOTTOM OF THE 3RD |
Birmingham Barons batting - Pitching for Chattanooga Chinpokomon : RHP Mike Horton
|
Batting: RHB Carlos Vásquez
|
0-0: Foul Ball, location: 2F 0-1: Ball 1-1: Called Strike 1-2: Strikes out swinging
|
Batting: LHB Alberto Santos
|
0-0: Ball 1-0: Ground out U3 (Groundball, 34D)
|
Batting: RHB Yujiro Kurihara
|
0-0: Called Strike 0-1: Ground out 3-1 (Groundball, 34S)
|
Bottom of the 3rd over - 0 run(s), 0 hit(s), 0 error(s), 0 left on base; Chattanooga 0 - Birmingham 0 |
TOP OF THE 4TH |
Chattanooga Chinpokomon batting - Pitching for Birmingham Barons : LHP Marcos Bautista
|
Batting: RHB Manuel Ortega
|
0-0: Called Strike 0-1: Ball 1-1: Ball 2-1: Fly out, F8 (Line Drive, 8RD)
|
Batting: RHB Cristo García
|
0-0: Called Strike 0-1: Foul Ball, location: 2F 0-2: Ball 1-2: Ball 2-2: Ball 3-2: Foul Ball, location: 2F 3-2: Foul Ball, location: 2F 3-2: Base on Balls
|
Batting: LHB George Wood
|
0-0: Grounds into double play, 4-6-3 (Groundball, 4)
|
Top of the 4th over - 0 run(s), 0 hit(s), 0 error(s), 0 left on base; Chattanooga 0 - Birmingham 0 |
BOTTOM OF THE 4TH |
Birmingham Barons batting - Pitching for Chattanooga Chinpokomon : RHP Mike Horton
|
Batting: LHB José Rivera
|
0-0: Called Strike 0-1: Ball 1-1: Foul Ball, location: 2F 1-2: Strikes out looking
|
Batting: RHB Eric Johnson
|
0-0: DOUBLE (Flyball, 78D)
|
Batting: RHB Carlos García
|
0-0: Ball 1-0: Foul Ball, location: 2F 1-1: Foul Ball, location: 2F 1-2: DOUBLE (Line Drive, 9LD) Eric Johnson scores
|
Batting: SHB Orlando Aguilar
|
0-0: Ball 1-0: Fly out, F8 (Flyball, 78S)
|
Batting: RHB Bryant von Bohlen
|
0-0: Ball 1-0: Ball 2-0: SINGLE (Groundball, 56D) Carlos García to third Runner from 3rd tries for Home, SAFE, no throw
|
Batting: LHB John Haney
|
0-0: Foul Ball, location: 2F 0-1: Ball 1-1: Called Strike 1-2: Ball 2-2: Foul Ball, location: 2F 2-2: Fly out, F4 (Line Drive, 4)
|
Bottom of the 4th over - 2 run(s), 3 hit(s), 0 error(s), 1 left on base; Chattanooga 0 - Birmingham 2 |
TOP OF THE 5TH |
Chattanooga Chinpokomon batting - Pitching for Birmingham Barons : LHP Marcos Bautista
|
Batting: RHB Ramiro Chávez
|
0-0: Ball 1-0: SINGLE (Line Drive, 6M)
|
Batting: RHB Felipe Rego
|
0-0: Ball 1-0: Called Strike 1-1: Grounds into double play, 5-4-3 (Groundball, 56)
|
Batting: RHB Armando Cuevas
|
0-0: Ball 1-0: Foul Ball, location: 2F 1-1: Ball 2-1: Called Strike 2-2: Strikes out swinging
|
Top of the 5th over - 0 run(s), 1 hit(s), 0 error(s), 0 left on base; Chattanooga 0 - Birmingham 2 |
BOTTOM OF THE 5TH |
Birmingham Barons batting - Pitching for Chattanooga Chinpokomon : RHP Mike Horton
|
Batting: RHB Carlos Vásquez
|
0-0: Called Strike 0-1: Ball 1-1: Ball 2-1: Called Strike 2-2: Foul Ball, location: 2F 2-2: Ball 3-2: SINGLE (Groundball, 4MD)
|
Batting: LHB Alberto Santos
|
0-0: Ball 1-0: Ball 2-0: Fielders Choice at 2nd, 4-6 (Groundball, 4)
|
Batting: RHB Yujiro Kurihara
|
0-0: Called Strike 0-1: Ball 1-1: Ground out 4-3 (Groundball, 4S) Alberto Santos to second
|
Batting: LHB José Rivera
|
0-0: Ball 1-0: Ball 2-0: Swinging Strike 2-1: Ball 3-1: Foul Ball, location: 2F 3-2: Foul Ball, location: 2F 3-2: Strikes out swinging
|
Bottom of the 5th over - 0 run(s), 1 hit(s), 0 error(s), 1 left on base; Chattanooga 0 - Birmingham 2 |
TOP OF THE 6TH |
Chattanooga Chinpokomon batting - Pitching for Birmingham Barons : LHP Marcos Bautista
|
Batting: RHB Luis Antonio Velásquez
|
0-0: Called Strike 0-1: Ball 1-1: Swinging Strike 1-2: TRIPLE (Line Drive, 89XD)
|
Batting: RHB José Martínez
|
0-0: SINGLE (Flyball, 89S) Luis Antonio Velásquez scores
|
Batting: LHB Martin Davis
|
0-0: Ball 1-0: Called Strike 1-1: Swinging Strike 1-2: Ball 2-2: Strikes out swinging
|
Batting: RHB Manuel Ortega
|
0-0: SINGLE (Flyball, 7S) José Martínez to second
|
Batting: RHB Cristo García
|
0-0: Swinging Strike 0-1: Called Strike 0-2: Foul Ball, location: 2F 0-2: Ball 1-2: Foul Ball, location: 2F 1-2: Strikes out swinging
|
Batting: LHB George Wood
|
0-0: Called Strike 0-1: Called Strike 0-2: Ball 1-2: Foul Ball, location: 2F 1-2: Fielders Choice at 2nd, 4-6 (Groundball, 34)
|
Top of the 6th over - 1 run(s), 3 hit(s), 0 error(s), 1 left on base; Chattanooga 1 - Birmingham 2 |
BOTTOM OF THE 6TH |
Birmingham Barons batting - Pitching for Chattanooga Chinpokomon : RHP Mike Horton
|
Batting: RHB Eric Johnson
|
0-0: Called Strike 0-1: Ball 1-1: Ball 2-1: Foul Ball, location: 2F 2-2: Fly out, F9 (Flyball, 9D)
|
Batting: RHB Carlos García
|
0-0: Foul Ball, location: 2F 0-1: Foul Ball, location: 2F 0-2: Ball 1-2: Foul Ball, location: 2F 1-2: Foul Ball, location: 2F 1-2: SINGLE (Groundball, 56) (infield hit)
|
Batting: SHB Orlando Aguilar
|
0-0: Ball Wild Pitch! Carlos García to second 1-0: Intentional Walk
|
Batting: RHB Bryant von Bohlen
|
0-0: Foul Ball, location: 2F 0-1: Foul Ball, location: 2F 0-2: Ball 1-2: Ground out 4-3 (Groundball, 4S) Carlos García to third Orlando Aguilar to second
|
Batting: LHB John Haney
|
0-0: Called Strike 0-1: Ball 1-1: Swinging Strike 1-2: Foul Ball, location: 2F 1-2: Ball 2-2: Foul Ball, location: 2F 2-2: Foul Ball, location: 2F 2-2: Foul Ball, location: 2F 2-2: Ball 3-2: Strikes out swinging
|
Bottom of the 6th over - 0 run(s), 1 hit(s), 0 error(s), 2 left on base; Chattanooga 1 - Birmingham 2 |
TOP OF THE 7TH |
Chattanooga Chinpokomon batting - Pitching for Birmingham Barons : LHP Marcos Bautista
|
Batting: RHB Ramiro Chávez
|
0-0: Ball 1-0: Swinging Strike 1-1: Ball 2-1: Ground out 6-3 (Groundball, 56)
|
Batting: RHB Felipe Rego
|
0-0: Ball 1-0: Foul Ball, location: 2F 1-1: Called Strike 1-2: Ball 2-2: Ball 3-2: Foul Ball, location: 2F 3-2: Base on Balls
|
Pitching: LHP Richard Simpson
|
|
Batting: RHB Armando Cuevas
|
0-0: Fly out, F8 (Flyball, 78D)
|
Batting: RHB Luis Antonio Velásquez
|
0-0: Called Strike 0-1: Ball 1-1: Fly out, F7 (Flyball, 78M)
|
Top of the 7th over - 0 run(s), 0 hit(s), 0 error(s), 1 left on base; Chattanooga 1 - Birmingham 2 |
BOTTOM OF THE 7TH |
Birmingham Barons batting - Pitching for Chattanooga Chinpokomon : RHP Mike Horton
|
Pitching: RHP Artie Downing
|
|
Batting: RHB Carlos Vásquez
|
0-0: Called Strike 0-1: Ball 1-1: Ball 2-1: Ground out 5-3 (Groundball, 56)
|
Batting: LHB Alberto Santos
|
0-0: Called Strike 0-1: Ground out U3 (Groundball, 34S)
|
Batting: RHB Yujiro Kurihara
|
0-0: Swinging Strike 0-1: Swinging Strike 0-2: Strikes out swinging
|
Bottom of the 7th over - 0 run(s), 0 hit(s), 0 error(s), 0 left on base; Chattanooga 1 - Birmingham 2 |
TOP OF THE 8TH |
Chattanooga Chinpokomon batting - Pitching for Birmingham Barons : LHP Richard Simpson
|
Pitching: RHP Ken Lyons
|
|
Now in RF: Warren Martin
|
|
Batting: RHB José Martínez
|
0-0: Foul Ball, location: 2F 0-1: SINGLE (Groundball, 6MD)
|
Batting: LHB Martin Davis
|
0-0: Bunted foul 0-1: Bunt missed! 0-2: Ball 1-2: Ball 2-2: Ball 3-2: Foul Ball, location: 2F 3-2: Foul Ball, location: 2F 3-2: Base on Balls José Martínez to second
|
Batting: RHB Manuel Ortega
|
0-0: Ball 1-0: SINGLE (Flyball, 8RS) José Martínez to third Martin Davis to second
|
Batting: RHB Cristo García
|
0-0: Called Strike 0-1: Called Strike 0-2: Strikes out swinging
|
Batting: LHB George Wood
|
0-0: Foul Ball, location: 2F 0-1: Ball 1-1: Ball 2-1: Foul Ball, location: 2F 2-2: Ball 3-2: Foul Ball, location: 2F 3-2: Strikes out swinging
|
Batting: RHB Ramiro Chávez
|
0-0: Ball 1-0: Ball 2-0: Called Strike 2-1: Hit by Pitch José Martínez scores Martin Davis to third Manuel Ortega to second
|
Batting: RHB Felipe Rego
|
0-0: Ball 1-0: Foul Ball, location: 2F 1-1: Called Strike 1-2: Strikes out swinging
|
Top of the 8th over - 1 run(s), 2 hit(s), 0 error(s), 3 left on base; Chattanooga 2 - Birmingham 2 |
BOTTOM OF THE 8TH |
Birmingham Barons batting - Pitching for Chattanooga Chinpokomon : RHP Artie Downing
|
Batting: LHB José Rivera
|
0-0: Ball 1-0: Swinging Strike 1-1: SOLO HOME RUN (Flyball, 9D), Distance : 346 ft
|
Batting: RHB Eric Johnson
|
0-0: Foul Ball, location: 2F 0-1: Swinging Strike 0-2: Ball 1-2: Strikes out swinging
|
Pitching: LHP Mario Solíz
|
|
Batting: RHB Carlos García
|
0-0: SINGLE (Line Drive, 89S)
|
Pinch Hitting: RHB Juan Jiménez
|
0-0: Ball 1-0: Foul Ball, location: 2F 1-1: Ball 2-1: Foul Ball, location: 2F 2-2: Foul Ball, location: 2F 2-2: Ball 3-2: Base on Balls Carlos García to second
|
Batting: RHB Bryant von Bohlen
|
0-0: Foul Ball, location: 2F 0-1: Ball 1-1: Ball 2-1: Ball 3-1: Base on Balls Carlos García to third Juan Jiménez to second
|
Pinch Hitting: RHB Vicente Carona
|
0-0: Ball 1-0: Called Strike 1-1: Ball 2-1: Fly out, F8 (Flyball, 8RM) Runner from 3rd tags up, OUT at HOME
|
Bottom of the 8th over - 1 run(s), 2 hit(s), 0 error(s), 2 left on base; Chattanooga 2 - Birmingham 3 |
TOP OF THE 9TH |
Chattanooga Chinpokomon batting - Pitching for Birmingham Barons : RHP Ken Lyons
|
Now at 3B: Juan Jiménez
|
|
Now in RF: Pete Smith
|
|
Batting: RHB Armando Cuevas
|
0-0: Foul Ball, location: 2F 0-1: Foul Ball, location: 2F 0-2: Ball 1-2: Ground out 6-3 (Groundball, 6)
|
Batting: RHB Luis Antonio Velásquez
|
0-0: Fly out, F9 (Flyball, 89M)
|
Pinch Hitting: RHB Jesús Tisnado
|
0-0: Ball 1-0: Ground out 5-3 (Groundball, 56S)
|
Top of the 9th over - 0 run(s), 0 hit(s), 0 error(s), 0 left on base; Chattanooga 2 - Birmingham 3 |
|